 Dungeon Crawl Stone Soup version 0.31-a0-188-g5e087ee2ca (webtiles) character file.

Game seed: 3765980362929386614

85 qw the Shooter (level 4, -3/25 HPs)
             Began as a Deep Elf Hunter on June 22, 2023.
             Was an Initiate of Okawaru.
             Slain by a black bear (5 damage)
             ... on level 4 of the Dungeon.
             The game lasted 00:01:02 (2312 turns).

qw the Shooter (Deep Elf Hunter)                    Turns: 2312, Time: 00:01:03

Health: -3/25      AC:  8    Str: 10    XL:     4   Next: 25%
Magic:  6/6        EV:  9    Int: 14    God:    Okawaru [......]
Gold:   60         SH:  0    Dex: 18    Spells: 3/3 levels left

rFire   + . .        Y - +1 shortbow
rCold   . . .        (shield currently unavailable)
rNeg    . . .        h - +1 scale mail {rF+}
rPois   .            (no helmet)
rElec   .            e - +0 cloak
rCorr   .            (no gloves)
SInv    .            (no boots)
Will    .....        (no amulet)
Stlth   +            (no ring)
HPRegen 0.24/turn    (no ring)
MPRegen 0.10/turn

%: no passive effects
@: about to teleport
A: no striking features
a: Renounce Religion


You were on level 4 of the Dungeon.
You worshipped Okawaru.
Okawaru was noncommittal.
You visited 1 branch of the dungeon, and saw 4 of its levels.

You collected 226 gold pieces.
You spent 166 gold pieces at shops.


   Skills:
 - Level 1.5 Fighting
 + Level 7.7 Ranged Weapons
 - Level 2.4 Dodging
 - Level 1.2 Stealth


You had 3 spell levels left.
You didn't know any spells.
Your spell library was empty.

Inventory:

Hand Weapons
 Y - a +1 shortbow (weapon)
Armour
 e - a +0 cloak (worn)
 h - a +1 scale mail of fire resistance (worn)
Scrolls
 a - 2 scrolls of identify
Potions
 d - a potion of enlightenment
 f - a potion of curing
 g - 2 potions of haste

Dungeon Overview and Level Annotations

Branches:
Dungeon (4/15)
 Temple: D:4-7

Altars:
Okawaru

Shops:
D:2 [=*   D:3 ?[**:


Message History

The black bear claws you but does no damage. x2
You shoot an arrow. The arrow hits the black bear!
The black bear is heavily wounded.
The black bear barely misses you. The black bear claws you.
The black bear closely misses you.
You shoot an arrow.
The arrow closely misses the black bear.
The black bear bites you but does no damage.
The black bear claws you but does no damage.
The black bear claws you. The black bear bites you. The black bear claws you.
The black bear claws you but does no damage.
You shoot an arrow.
The arrow completely misses the black bear.
The black bear bites you but does no damage.
The black bear claws you but does no damage.
The black bear closely misses you.
You shoot an arrow. The arrow hits the black bear!
The black bear is almost dead.
The black bear goes berserk!
A ball python comes into view.
You shoot an arrow. The arrow hits the black bear.
The black bear is almost dead.
The black bear barely misses you. x2
The black bear claws you but does no damage.
The black bear bites you!
The black bear claws you but does no damage.
The black bear barely misses you.
You shoot an arrow.
The arrow hits the black bear but does no damage.
The black bear is almost dead.
The black bear completely misses you. The black bear claws you.
The black bear claws you but does no damage.
The black bear bites you but does no damage.
The black bear claws you. The black bear closely misses you.
2312 ||| READING scroll of teleportation.
As you read the scroll of teleportation, it crumbles to dust.
You feel strangely unstable.
The black bear closely misses you. x2; The black bear claws you.
The black bear bites you.
You die...

#.......[....
#..........# ###
#...#.#.#..# ...
#...#.._...# ##.##
#..#..#.#..##....
..........>#..##.#
.................#
..#####<....######
. #....#<.@#
....#.###..h.#
..##....# ##.#...?
...#### #S######
.### #.# . #.. ...
...


You could see a black bear (berserk) and a ball python.

Vanquished Creatures
  An adder (D:3)
  A worm (D:3)
  7 orcs (D:3)
  7 bats
  5 endoplasms
  4 giant cockroaches
  6 goblins
  5 hobgoblins
  3 jackals (D:2)
  2 quokkas
  4 ball pythons
  3 frilled lizards
  8 kobolds
  3 rats
59 creatures vanquished.

Notes
Turn   | Place    | Note
-------+----------+-------------------------------------------
     0 | D:1      | qw the Deep Elf Hunter began the quest for the Orb.
     0 | D:1      | Reached XP level 1. HP: 12/12 MP: 3/3
     0 | D:1      | 0 ||| qw: Version: 0.3-a-9-g12657ce
     0 | D:1      | 0 ||| qw: Game counter: 2925
     0 | D:1      | 0 ||| qw: Always use a shield: true
     0 | D:1      | 0 ||| qw: God list: Okawaru
     0 | D:1      | 0 ||| qw: Allow faded altars: false
     0 | D:1      | 0 ||| qw: Do Orc after D:15 true
     0 | D:1      | 0 ||| qw: Do second Lair branch before Depths: true
     0 | D:1      | 0 ||| qw: Lair rune preference: random
     0 | D:1      | 0 ||| qw: Plans: Normal
     0 | D:1      | 0 ||| PLANNING D:1-11
   194 | D:1      | Reached XP level 2. HP: 16/16 MP: 4/4
   242 | D:1      | Reached skill level 6 in Ranged Weapons
   647 | D:1      | 647 ||| READING 2 scrolls labelled HUTEAFRIGOG.
   648 | D:1      | 648 ||| READING scroll labelled OHYQEP ZOAGYMU.
   678 | D:1      | 678 ||| DRINKING 2 fizzy yellow potions.
   679 | D:1      | 679 ||| DROPPING scroll of butterflies.
   704 | D:2      | Reached XP level 3. HP: 20/20 MP: 5/5
   832 | D:2      | Found Erolem's General Store.
   840 | D:2      | 840 ||| BUYING potion of curing (33 gold).
   840 | D:2      | Bought a potion of curing for 33 gold pieces
   848 | D:2      | Found Uzunlarai's Jewellery Shop.
   852 | D:2      | 852 ||| SHOPLISTING amulet "Wasuepiby" {Reflect rC+ SH+5}
                  | (616 gold, have 49).
   852 | D:2      | 852 ||| SHOPLISTING amulet of reflection (420 gold, have
                  | 49).
   852 | D:2      | 852 ||| SHOPLISTING ring of Vileifoc {rF- rN+ Will+ SInv
                  | Stlth+} (506 gold, have 49).
   852 | D:2      | 852 ||| SHOPLISTING ring of fire (350 gold, have 49).
   852 | D:2      | 852 ||| SHOPLISTING ring of poison resistance (280 gold,
                  | have 49).
   852 | D:2      | 852 ||| SHOPLISTING ring of positive energy (280 gold, have
                  | 49).
   852 | D:2      | 852 ||| SHOPLISTING ring of protection from cold (350 gold,
                  | have 49).
   852 | D:2      | 852 ||| SHOPLISTING ring of see invisible (210 gold, have
                  | 49).
   955 | D:2      | Found Nirial's Antique Armour Shop.
   999 | D:2      | 999 ||| SHOPLISTING acid dragon scales (1040 gold, have
                  | 49).
   999 | D:2      | 999 ||| SHOPLISTING cloak (117 gold, have 49).
   999 | D:2      | 999 ||| SHOPLISTING encrusted helmet (247 gold, have 49).
   999 | D:2      | 999 ||| SHOPLISTING pair of boots (117 gold, have 49).
   999 | D:2      | 999 ||| SHOPLISTING warped robe (148 gold, have 49).
  1295 | D:2      | 1295 ||| UPGRADING to +0 ring mail.
  1305 | D:2      | 1305 ||| DROPPING +0 leather armour.
  1306 | D:2      | 1306 ||| READING scroll labelled QUWUCA DEOSS.
  1307 | D:2      | 1307 ||| READING 2 scrolls labelled MUSTEINNAZ.
  1308 | D:2      | 1308 ||| READING 2 scrolls labelled DENERU ZOPLERO.
  1313 | D:2      | 1313 ||| DRINKING 2 metallic brown potions.
  1314 | D:2      | 1314 ||| DROPPING scroll of noise.
  1338 | D:3      | Found Ryiwuut's Book Shop.
  1431 | D:3      | Reached skill level 7 in Ranged Weapons
  1447 | D:3      | HP: 3/20 [orc/+0 whip (4)]
  1448 | D:3      | 1448 ||| READING scroll of teleportation.
  1521 | D:3      | Found Wixunal's Armour Boutique.
  1526 | D:3      | 1526 ||| BUYING +0 cloak (63 gold).
  1526 | D:3      | Bought a +0 cloak for 63 gold pieces
  1526 | D:3      | 1526 ||| SHOPLISTING +0 helmet "Mixzyu" {Harm Dex+2} (219
                  | gold, have 69).
  1526 | D:3      | 1526 ||| SHOPLISTING +2 pair of gloves (231 gold, have 69).
  1554 | D:3      | Found Woeji's Magic Scroll Boutique.
  1563 | D:3      | 1563 ||| BUYING scroll of identify (20 gold).
  1563 | D:3      | Bought a scroll of identify for 20 gold pieces
  1563 | D:3      | 1563 ||| BUYING scroll of identify (20 gold).
  1563 | D:3      | Bought a scroll of identify for 20 gold pieces
  1563 | D:3      | 1563 ||| BUYING scroll of teleportation (30 gold).
  1563 | D:3      | Bought a scroll of teleportation for 30 gold pieces
  1585 | D:3      | 1585 ||| FLEEEEING.
  1587 | D:3      | 1587 ||| FLEEEEING.
  1588 | D:3      | 1588 ||| FLEEEEING.
  1590 | D:3      | 1590 ||| FLEEEEING.
  1592 | D:3      | 1592 ||| FLEEEEING.
  1593 | D:3      | 1593 ||| FLEEEEING.
  1594 | D:3      | 1594 ||| FLEEEEING.
  1595 | D:3      | 1595 ||| FLEEEEING.
  1596 | D:3      | 1596 ||| FLEEEEING.
  1597 | D:3      | 1597 ||| FLEEEEING.
  1598 | D:3      | 1598 ||| FLEEEEING.
  1599 | D:3      | 1599 ||| FLEEEEING.
  1626 | D:3      | Reached XP level 4. HP: 23/25 MP: 6/6
  1653 | D:3      | Found Lasoono's General Store.
  1660 | D:3      | 1660 ||| SHOPLISTING 2 potions of enlightenment (110 gold,
                  | have 16).
  1660 | D:3      | 1660 ||| SHOPLISTING potion of enlightenment (55 gold, have
                  | 16).
  1664 | D:3      | Found a faded altar of an unknown god.
  1769 | D:3      | Found Qelusodi's Assorted Antiques.
  1776 | D:3      | 1776 ||| SHOPLISTING diamond ring (135 gold, have 16).
  1776 | D:3      | 1776 ||| SHOPLISTING dyed leather armour (135 gold, have
                  | 16).
  1776 | D:3      | 1776 ||| SHOPLISTING potion of haste (270 gold, have 16).
  1776 | D:3      | 1776 ||| SHOPLISTING scroll labelled GATZOY FAFEST (27
                  | gold, have 16).
  1776 | D:3      | 1776 ||| SHOPLISTING scroll labelled JOXIUZIONN (27 gold,
                  | have 16).
  1776 | D:3      | 1776 ||| SHOPLISTING scroll of identify (54 gold, have 16).
  1776 | D:3      | 1776 ||| SHOPLISTING scroll of teleportation (81 gold, have
                  | 16).
  2168 | D:3      | 2168 ||| UPGRADING to +0 cloak.
  2173 | D:3      | 2173 ||| UPGRADING to +1 scale mail of fire resistance.
  2183 | D:3      | 2183 ||| DROPPING +0 ring mail.
  2184 | D:3      | 2184 ||| READING scroll labelled GATZOY FAFEST.
  2185 | D:3      | 2185 ||| READING scroll labelled SOB SUWKIOCRO.
  2186 | D:3      | 2186 ||| READING 3 scrolls of identify.
  2186 | D:3      | 2186 ||| IDENTIFYING fuming silvery potion
  2187 | D:3      | 2187 ||| DROPPING potion of invisibility.
  2217 | D:4      | Found an iron altar of Okawaru.
  2218 | D:4      | 2218 ||| PLANNING OKAWARU WORSHIP
  2218 | D:4      | 2218 ||| STAIRDANCE
  2222 | D:4      | 2222 ||| STAIRDANCE
  2226 | D:4      | 2226 ||| STAIRDANCE
  2232 | D:4      | 2232 ||| STAIRDANCE
  2252 | D:4      | 2252 ||| STAIRDANCE
  2256 | D:4      | 2256 ||| STAIRDANCE
  2260 | D:4      | 2260 ||| STAIRDANCE
  2264 | D:4      | 2264 ||| STAIRDANCE
  2269 | D:4      | 2269 ||| STAIRDANCE
  2276 | D:4      | 2276 ||| STAIRDANCE
  2284 | D:4      | 2284 ||| STAIRDANCE
  2293 | D:4      | Became a worshipper of Warmaster Okawaru
  2294 | D:4      | 2294 ||| PLANNING D:1-11
  2302 | D:4      | Noticed a black bear
  2311 | D:4      | HP: 6/25 [black bear (3)]
  2312 | D:4      | 2312 ||| READING scroll of teleportation.
  2312 | D:4      | HP: 2/25 [black bear (3)]
  2312 | D:4      | Slain by a black bear

Levels and vault maps discovered:
D:1:      mrwooster_arrival_statue_2, layout_basic, serial_corexii_hall,
          chequers_hall_statues_wall_a, corexii_hall_statues_s,
          chequers_hall_statues_y, corexii_hall_statues_s,
          chequers_serial_rivers_micro_b, reono_crystal_passage
D:2:      layout_loops_ring, serial_shops, nicolae_shop_tiny_glass, shop, shop
D:3:      layout_loops_cross, serial_shops, shop, shop, shop,
          nicolae_shop_gibbet_a_chance, shop, shapermc_ecumenical_altar_venn,
          serial_forest, infiniplex_forest_clump_long,
          infiniplex_forest_lined_3_way, infiniplex_forest_clump_curved,
          infiniplex_forest_clump_tiny, infiniplex_forest_lined_room_2,
          infiniplex_forest_zigzag_2, infiniplex_forest_clump_large
D:4:      layout_rooms, nicolae_hepliaklqana_hippocampus,
          okawaru_metal_pillars_1_2

Skill      XL: |  1  2  3 |
---------------+----------+-----
Ranged Weapons | 6 7 |  7.7
Fighting       | |  1.5
Dodging        | |  2.4
Stealth        | |  1.2

Action                     |  1- 3 |  4- 6 || total
---------------------------+-------+-------++-------
   Fire: Shortbow          |   126 |    37 ||   163
    Use: Scroll            |     6 |     4 ||    10
         Potion            |     2 |       ||     2
 Armour: Leather armour    |     8 |       ||     8
         Ring mail         |    13 |     4 ||    17
         Scale mail        |       |    18 ||    18
  Dodge: Dodged            |    36 |    26 ||    62

Table legend:
 A = Non-vault XP
 B = Vault XP
 C = Vault XP percentage of total XP
 D = Non-vault monster count
 E = Vault monster count
 F = Vault count percentage of total count
                 A         B        C        D         E       F
            +---------+---------+-------+---------+---------+-------
      Total |     122 |       0 |   0.0 |      59 |       0 |   0.0
            +---------+---------+-------+---------+---------+-------
        D:1 |      39 |       0 |   0.0 |      24 |       0 |   0.0
        D:2 |      21 |       0 |   0.0 |      11 |       0 |   0.0
        D:3 |      62 |       0 |   0.0 |      24 |       0 |   0.0
            +---------+---------+-------+---------+---------+-------
